 Dungeon Crawl Stone Soup version 0.16-a0-4123-g49b462e (webtiles) character file.

5492 Chiseanne the Nimble (level 10, -3/126 HPs)
             Began as a Pale Draconian Artificer on Mar 2, 2015.
             Was an Initiate of Gozag.
             Slain by an orc warrior
             ... wielding a cursed +0 war axe
              (11 damage)
             ... in a bailey.
             The game lasted 00:39:47 (9007 turns).

Chiseanne the Nimble (Pale Draconian Artificer)     Turns: 9007, Time: 00:39:47

Health: -3/126     AC: 22    Str: 19    XL:     10   Next: 42%
Magic:  23/23      EV:  2    Int: 14    God:    Gozag
Gold:   492        SH:  0    Dex: 18    Spells: 0 memorised, 9 levels left

rFire  . . .     SeeInvis .     d - +2 dagger (elec)
rCold  . . .     Clarity  .     (armour unavailable)
rNeg   + + +     SustAb   .     (no shield)
rPois  +         Gourm    .     (helmet currently unavailable)
rElec  .         Spirit   .     L - melded +2 cloak
rCorr  .         Warding  .     (gloves currently unavailable)
rMut   .         NoTele   +     M - melded +0 pair of boots
MR     .....                    r - amulet of rage
Stlth  ++++......               E - ring of stealth
                                K - -3 ring of protection (curse)

@: mighty, agile, tree-form (expiring), not resistant to hostile enchantments,
stealthy
A: (breathe steam), unfitting armour, (cold-blooded), AC +7
a: Potion Petition, Call Merchant, Bribe Branch, Renounce Religion, Evoke
Berserk Rage


You were in a bailey.
You worshipped Gozag.
Gozag was noncommittal.
You were very hungry.
You were a tree.
You visited 2 branches of the dungeon, and saw 9 of its levels.
You also visited: Bailey.

You collected 922 gold pieces.
You spent 314 gold pieces at shops.
You paid 116 gold pieces to Gozag.

Inventory:

Hand weapons
 a - a +2 short sword of flaming
 b - a +1 battleaxe of flaming
 d - a +2 dagger of electrocution (weapon)
 h - a +4 quarterstaff
 s - a +2 spear of freezing
 w - a +0 blowgun
Missiles
 g - 321 stones (quivered)
 j - 58 sling bullets
 n - 15 arrows
 q - 21 arrows of flame
 z - 14 bolts
 C - 21 silver sling bullets
Armour
 L - a +2 cloak (melded)
 M - a +0 pair of boots (melded)
Jewellery
 c - an uncursed ring of wizardry
 r - an amulet of rage (around neck)
 v - an uncursed ring of wizardry
 E - a ring of stealth (right branch)
 K - a cursed -3 ring of protection (left branch)
Magical devices
 l - a wand of confusion (0)
 t - a wand of fire (0)
 y - a wand of confusion (0)
 I - a wand of frost (9)
Scrolls
 p - 5 scrolls of teleportation
 D - a scroll of enchant weapon
 J - 2 scrolls of enchant armour
Potions
 e - 3 potions of restore abilities
 k - a potion of curing
 F - a potion of agility
 O - 2 potions of magic {unknown}
Books
 N - a book of Cantrips

   Spells                             Type                      Level
   a - Corona                         Hexes                        1
   b - Animate Skeleton               Necromancy                   1
   c - Summon Small Mammal            Summoning                    1
   d - Apportation                    Translocation                1
Comestibles
 f - 5 bread rations
 m - 4 meat rations


   Skills:
 - Level 6.7 Fighting
 - Level 1.0 Short Blades
 * Level 0.2 Axes
 * Level 10.9 Dodging
 - Level 0.8 Stealth
 * Level 10.3 Evocations


You had 9 spell levels left.
You didn't know any spells.

Dungeon Overview and Level Annotations

Branches:
Dungeon (8/15)             Temple (1/1) D:6
   Lair: D:8-11

Altars:
Ashenzari
Cheibriados
Dithmenos
Elyvilon
Fedhas
Gozag
Kikubaaqudgha
Makhleb
Nemelex Xobeh
Okawaru
Qazlal
Ru
Sif Muna
Trog
Vehumet
Xom
Yredelemnul
Zin
The Shining One

Shops:
D:6 (   D:7 [


Innate Abilities, Weirdness & Mutations

((You can breathe blasts of scalding steam.))
((Your pale cyan-grey scales are hard (AC +7).))
Your body does not fit into most forms of armour.
((Your cold-blooded metabolism reacts poorly to cold.))


Message History

You closely miss the orc warrior.
The orc warrior is almost dead.
The hobgoblin hits you but does no damage.
The orc warrior hits you with a war axe!
* * * LOW HITPOINT WARNING * * *
You barely miss the orc warrior.
The orc warrior is almost dead.
The orc warrior hits you but does no damage.
The hobgoblin hits you but does no damage.
You puncture the orc warrior!
There is a sudden explosion of sparks!
You kill the orc warrior!
Your transformation is almost over.
The orc warrior hits you but does no damage.
The hobgoblin hits you with a war axe.
* * * LOW HITPOINT WARNING * * *
You hit the hobgoblin.
You kill the hobgoblin!
The orc warrior hits you with a war axe!
You die...
Your body crumbles into a pile of gold. ..)...# #...... .$....## ##....... .......# $$$$$

#......... .......##$ $
$##.........#
..⌠.....#######....(⌠..(..
.....).##..)..##.........#
.......#.......#)(.......#
.....)##)......##$$.....##
....))og..)).(.$♣o$.....#
.....##.........##.(...##
######.....⌠.....#######
##.........## #.........#
##.......##♣♣♣♣
#.......#.♣♣.♣
##.....##♣..♣♣
♣##'''##♣♣..♣


You could see an orc warrior.

Vanquished Creatures
  An orc warlord (Bailey)
  2 orc knights (Bailey)
  12 orc warriors
  An ice beast (D:5)
  A black bear (D:6)
  4 ogres
  A centaur (D:6)
  2 scorpions
  4 giant frogs
  A gnoll sergeant (D:7)
  31 orcs
  2 crimson imps (D:7)
  A goliath beetle (D:7)
  A centaur zombie (D:7)
  2 jellies (D:5)
  3 hounds
  An iguana (D:6)
  3 orc priests
  2 orc wizards (D:7)
  6 worker ants
  Robin (D:2)
  6 adders
  14 gnolls
  A giant mite (D:3)
  2 shadow imps
  3 worms
  An ooze (D:3)
  15 bats
  A bat skeleton (D:5)
  7 giant cockroaches
  39 goblins
  25 hobgoblins
  9 jackals
  5 quokkas
  2 ball pythons (D:3)
  3 giant geckos
  A giant gecko zombie (D:5)
  6 giant newts
  A giant spore (D:6)
  6 kobolds
  14 rats
  2 ballistomycetes (D:6)
245 creatures vanquished.

Vanquished Creatures (collateral kills)
  A centaur zombie (D:4)
  An orc wizard (D:3)
  A worker ant (D:4)
  Ijyb (D:4)
  A gnoll (Bailey)
  A shadow imp (D:3)
  2 orcs (D:3)
  A kobold (D:2)
  A rat (D:3)
10 creatures vanquished.

Vanquished Creatures (others)
  A crimson imp (D:5)
  4 orcs
  2 hobgoblins
  A jackal (D:5)
  A kobold (D:3)
9 creatures vanquished.

Grand Total: 264 creatures vanquished

Notes
Turn   | Place    | Note
--------------------------------------------------------------
     0 | D:1      | Chiseanne, the Draconian Artificer, began the quest for the Orb.
     0 | D:1      | Reached XP level 1. HP: 16/16 MP: 1/1
   561 | D:1      | Reached XP level 2. HP: 12/23 MP: 3/3
  1508 | D:2      | Reached XP level 3. HP: 28/28 MP: 4/4
  1602 | D:2      | Noticed Robin
  1621 | D:2      | Killed Robin
  1634 | D:2      | Reached XP level 4. HP: 12/36 MP: 6/6
  1973 | D:2      | Reached skill level 4 in Evocations
  2401 | D:3      | Found a radiant altar of Vehumet.
  2461 | D:3      | Reached XP level 5. HP: 29/41 MP: 8/8
  2580 | D:3      | Found a burning altar of Makhleb.
  3309 | D:4      | Noticed Ijyb
  3320 | D:4      | Killed Ijyb
  3324 | D:4      | Reached XP level 6. HP: 39/50 MP: 10/10
  3396 | D:4      | Reached skill level 5 in Dodging
  3532 | D:4      | Found an ancient bone altar of Kikubaaqudgha.
  3779 | D:4      | Found a deep blue altar of Sif Muna.
  3782 | D:4      | Found a stormy altar of Qazlal.
  3851 | D:5      | Entered Level 5 of the Dungeon
  4298 | D:5      | Your scales start fading to a pale cyan-grey colour.
  4298 | D:5      | Reached skill level 5 in Evocations
  4298 | D:5      | Reached XP level 7. HP: 53/56 MP: 13/13
  4535 | D:5      | Found an ancient bone altar of Kikubaaqudgha.
  4684 | D:5      | Reached skill level 6 in Dodging
  4994 | D:5      | Found a shattered altar of Ashenzari.
  5101 | D:6      | Reached skill level 7 in Evocations
  5101 | D:6      | Reached XP level 8. HP: 54/63 MP: 15/17
  5257 | D:6      | Reached skill level 8 in Evocations
  5331 | D:6      | Found a staircase to the Ecumenical Temple.
  5373 | Temple   | Entered the Ecumenical Temple
  5382 | Temple   | Became a worshipper of Gozag Ym Sagoz the Greedy
  5661 | D:6      | Found Isyliw's Weapon Shop.
  6452 | D:7      | Found a bloodstained altar of Trog.
  6473 | D:7      | Reached skill level 9 in Evocations
  6527 | D:7      | Reached XP level 9. HP: 37/72 MP: 20/20
  7045 | D:7      | Found Egunaut's Armour Shop.
  7060 | D:7      | Bought a +2 cloak for 247 gold pieces
  7060 | D:7      | Bought a +0 pair of boots for 67 gold pieces
  7399 | D:8      | Found a flagged portal.
  7416 | Bailey   | Entered a bailey
  7601 | Bailey   | Reached skill level 5 in Fighting
  8274 | Bailey   | Noticed an orc warlord
  8275 | Bailey   | Noticed an orc knight
  8275 | Bailey   | Noticed an orc knight
  8364 | Bailey   | Killed an orc knight
  8398 | Bailey   | Killed an orc warlord
  8398 | Bailey   | Reached skill level 10 in Dodging
  8398 | Bailey   | Reached skill level 10 in Evocations
  8398 | Bailey   | Reached XP level 10. HP: 28/84 MP: 22/22
  8711 | Bailey   | Killed an orc knight
  9007 | Bailey   | Slain by an orc warrior

Action                   |  1- 3 |  4- 6 |  7- 9 | 10-12 || total
-------------------------+-------+-------+-------+-------++-------
Melee: Short sword       |   109 |   147 |   264 |       ||   520
       Dagger            |       |       |   111 |    22 ||   133
       Battleaxe         |       |       |       |    23 ||    23
 Fire: Blowgun           |       |     5 |    51 |    15 ||    71
Throw: Stone             |       |       |     2 |       ||     2
 Abil: Breathe Steam     |       |       |    11 |       ||    11
Evoke: Wand              |    25 |    45 |    64 |     7 ||   141
  Use: Scroll            |     4 |    12 |     9 |     3 ||    28
       Potion            |       |       |     9 |     5 ||    14
 Stab: Distracted        |       |     1 |     3 |       ||     4
       Sleeping          |       |     1 |     6 |       ||     7
       Confused          |       |     2 |    10 |       ||    12
       Paralysed         |       |     1 |       |       ||     1
  Eat: Chunk             |     2 |     9 |     3 |       ||    14
       Bread ration      |       |       |     2 |       ||     2
       Royal jelly       |       |       |     1 |       ||     1
       Pizza             |       |       |     1 |       ||     1
